 Dungeon Crawl Stone Soup version 0.22-a0-422-g9628fc8 (webtiles) character file.

361 Gorglomux the Covered (level 6, 0/56 HPs)
             Began as a Minotaur Fighter on May 20, 2018.
             Was an Initiate of Gozag.
             Slain by an iguana (5 damage)
             ... on level 5 of the Dungeon.
             The game lasted 00:01:25 (1806 turns).

Gorglomux the Covered (Minotaur Fighter)            Turns: 1806, Time: 00:01:26

Health: 0/56       AC:  7    Str: 23    XL:     6   Next: 38%
Magic:  5/5        EV:  8    Int:  5    God:    Gozag
Gold:   123        SH: 10    Dex:  9    Spells: 5/5 levels left

rFire    . . .     SeeInvis .   a - +0 war axe
rCold    . . .     Gourm    .   c - +0 shield
rNeg     . . .     Faith    .   b - +0 scale mail
rPois    .         Spirit   .   (helmet restricted)
rElec    .         Reflect  .   (no cloak)
rCorr    .         Harm     .   (no gloves)
MR       .....                  (no boots)
Stlth    ..........             (no amulet)
HPRegen  0.18/turn              (no ring)
MPRegen  0.09/turn              (no ring)

@: lethally poisoned (0 -> -1)
A: retaliatory headbutt, horns 2
a: Potion Petition, Call Merchant, Bribe Branch, Renounce Religion


You were on level 5 of the Dungeon.
You worshipped Gozag.
Gozag was aware of your devotion.
You were not hungry.

You visited 2 branches of the dungeon, and saw 6 of its levels.

You collected 194 gold pieces.
You paid 71 gold pieces to Gozag.

Inventory:

Hand Weapons
 a - a +0 war axe (weapon)
Armour
 b - a +0 scale mail (worn)
 c - a +0 shield (worn)
Scrolls
 h - a scroll of magic mapping {unknown}
 j - a scroll of identify {unknown}
 k - a scroll of fog {unknown}
 m - 3 scrolls of noise {unknown}
 o - a scroll of immolation {unknown}
 p - a scroll of fear {unknown}
Potions
 d - 3 potions of might
 g - a potion of resistance {unknown}
 l - a potion of flight {unknown}
 n - a potion of magic {unknown}
 q - a potion of degeneration {unknown}
Comestibles
 f - 4 rations


   Skills:
 + Level 5.3 Fighting
 + Level 4.5 Axes
 + Level 5.3 Armour
 + Level 5.3 Shields


You had 5 spell levels left.
You didn't know any spells.
Your spell library was empty.

Dungeon Overview and Level Annotations

Branches:
Dungeon (5/15)             Temple (1/1) D:4

Altars:
Dithmenos
Elyvilon
Gozag
Kikubaaqudgha
Qazlal
Ru
Vehumet
Wu Jian
Zin
The Shining One

Annotations:
D:5 Gorglomux's ghost, amateur DDFi


Innate Abilities, Weirdness & Mutations

You reflexively headbutt those who attack you in melee.
You have a pair of horns on your head.


Message History

An iguana comes into view!
The iguana hisses angrily!
An iguana is nearby!!!
Unknown command!
An iguana is nearby!!!
Unknown command!
An iguana is butt!!!
You are too injured to fight recklessly!!!
You feel sick! The iguana bites you!!! * * * don't die
* * * You are too injured to fight recklessly!!!
You closely miss the iguana! The iguana bites you!!! * * * don't die
* * * You are too injured to fight recklessly!!!
You closely miss the iguana! You headbutt the iguana!!!
The iguana is heavily wounded!
The iguana bites you! rip Your body crumbles into a pile of butt!

#.. .. ### #
### ..# #. #.#
.###. #.# ....
#l# #..### #@#
#....# #.#
#....###.#
##.#......#
##.....#####
##......#
#.####.....###
..(.........#
.####......##


You could see an iguana.

Vanquished Creatures
  A sky beast (D:5)
  A scorpion (D:5)
  A bullfrog skeleton (D:4)
  A hound (D:5)
  A centaur skeleton (D:4)
  An orc wizard (D:4)
  2 worker ants (D:4)
  An adder (D:4)
  2 worms (D:2)
  7 orcs
  A ball python (D:4)
  3 giant cockroaches
  5 goblins
  6 hobgoblins
  4 jackals (D:3)
  2 quokkas
  A bat (D:2)
  3 kobolds
  A leopard gecko skeleton (D:4)
  3 rats
47 creatures vanquished.

Notes
Turn   | Place    | Note
-------+----------+-------------------------------------------
     0 | D:1      | Gorglomux the Minotaur Fighter began the quest for the Orb.
     0 | D:1      | Reached XP level 1. HP: 19/19 MP: 0/0
   150 | D:2      | Reached XP level 2. HP: 24/27 MP: 1/1
   434 | D:2      | Reached skill level 3 in Axes
   518 | D:2      | Reached XP level 3. HP: 30/33 MP: 2/2
   720 | D:4      | Reached XP level 4. HP: 41/41 MP: 3/3
   823 | D:4      | Found a staircase to the Ecumenical Temple.
   849 | Temple   | Entered the Ecumenical Temple
   974 | Temple   | Became a worshipper of Gozag Ym Sagoz the Greedy
  1005 | D:4      | Reached XP level 5. HP: 37/47 MP: 4/4
  1280 | D:4      | Found a white marble altar of Elyvilon.
  1406 | D:5      | Entered Level 5 of the Dungeon
  1406 | D:5      | Noticed Gorglomux's ghost (amateur DDFi)
  1648 | D:5      | Noticed a sky beast
  1659 | D:5      | Killed a sky beast
  1659 | D:5      | Reached XP level 6. HP: 8/56 MP: 5/5
  1806 | D:5      | Slain by an iguana

Vault maps used:
D:1:      dpeg_arrival_more_subterranean_lakeside_camping
D:2:      nicolae_overflow_hidden_temple, first_ration
D:4:      minmay_temple_entry_large_hall, elyvilon_altar_4
D:5:      grunt_temple_overflow_champion_of_chaos,
          nemelex_xobeh_ov_fountains_minmay
Temple:   nicolae_temple_figure_zero

Skill      XL: |  1  2  3  4  5 |
---------------+----------------+-----
Fighting       | 4 5 |  5.3
Armour         | 4 5 |  5.3
Shields        | 4 5 |  5.3
Axes           | 3 4 |  4.5

Action                   |  1- 3 |  4- 6 || total
-------------------------+-------+-------++-------
Melee: War axe           |    69 |    59 ||   128
       Headbutt          |     7 |    15 ||    22
  Eat: Ration            |       |     1 ||     1
       Chunk             |       |     1 ||     1
Armor: Scale mail        |    22 |    20 ||    42
Dodge: Dodged            |    18 |    18 ||    36
Block: Shield            |    38 |    29 ||    67

Table legend:
 A = Spawn XP
 B = Non-spawn XP
 C = Spawn XP percentage of total XP
 D = Spawn monster count
 E = Non-spawn monster count
 F = Spawn count percentage of total count
 G = Total turns spent on level
                    A         B        C        D         E        F      G
               +---------+---------+-------+---------+---------+-------+---------
         Total |       0 |     516 |   0.0 |       0 |      47 |   0.0 |  1806
               +---------+---------+-------+---------+---------+-------+---------
           D:1 |       0 |      10 |   0.0 |       0 |       6 |   0.0 |   146
           D:2 |       0 |      31 |   0.0 |       0 |      15 |   0.0 |   384
           D:3 |       0 |      19 |   0.0 |       0 |       8 |   0.0 |   178
           D:4 |       0 |     219 |   0.0 |       0 |      14 |   0.0 |   780
           D:5 |       0 |     237 |   0.0 |       0 |       4 |   0.0 |   181
               +---------+---------+-------+---------+---------+-------+---------
